 Dungeon Crawl Stone Soup version 0.18-a0-1800-gdc7a371 (console) character file.

25 zxpr0jk the Chiller (level 2, -1/20 HPs)
             Began as a Draconian Ice Elementalist on Apr 25, 2016.
             Slain by Terence
             ... wielding a +0 trident
              (4 damage)
             ... on level 2 of the Dungeon.
             The game lasted 00:16:24 (769 turns).

zxpr0jk the Chiller (Draconian Ice Elementalist)     Turns: 769, Time: 00:16:24

Health: -1/20      AC:  5    Str: 10    XL:     2   Next: 82%
Magic:  1/5        EV: 12    Int: 15    God:
Gold:   14         SH:  0    Dex: 11    Spells: 1 memorised, 4 levels left

rFire  . . .     SeeInvis .     l - +0 spear
rCold  . . .     Gourm    .     (armour unavailable)
rNeg   . . .     Faith    .     (no shield)
rPois  .         Spirit   .     (helmet restricted)
rElec  .         Dismiss  .     m - +0 cloak
rCorr  .         Reflect  .     (no gloves)
SustAt .         Harm     .     (no boots)
MR     .....                    (no amulet)
Stlth  ++........               (no ring)
                                (no ring)

@: not resistant to hostile enchantments, unstealthy
A: unfitting armour, cold-blooded, AC +4
a: no special abilities


You were on level 2 of the Dungeon.
You were not hungry.

You visited 1 branch of the dungeon, and saw 2 of its levels.

You collected 14 gold pieces.

Inventory:

Hand Weapons
 j - a +0 hunting sling
 l - a +0 spear (weapon)
Missiles
 g - 22 stones (quivered)
Armour
 m - a +0 cloak (worn)
Jewellery
 i - an uncursed ring of stealth {unknown}
Scrolls
 c - a scroll of identify {unknown}
 d - a scroll of recharging {unknown}
 e - a scroll of amnesia {unknown}
Potions
 h - a potion of curing {unknown}
Books
 a - a book of Frost

   Spells                             Type                      Level
   a - Freeze                         Ice                          1
   b - Throw Frost                    Conjuration/Ice              2
   c - Ozocubu's Armour               Charms/Ice                   3
   d - Throw Icicle                   Conjuration/Ice              4
   e - Summon Ice Beast               Ice/Summoning                4
Comestibles
 b - a bread ration
 f - 2 chunks of flesh
 k - a beef jerky


   Skills:
 - Level 1.7 Dodging
 - Level 1.7 Stealth
 + Level 2.3 Spellcasting
   Level 1.0 Conjurations
 * Level 3.8 Ice Magic


You had 4 spell levels left.
You knew the following spells:

 Your Spells              Type           Power        Failure   Level  Hunger
a - Freeze                Ice            ##..         6%          1    #......


Dungeon Overview and Level Annotations

Branches:
Dungeon (2/15)

Altars:

Annotations:
D:2 Jessica, Terence


Innate Abilities, Weirdness & Mutations

Your plain brown scales are hard (AC +4).
Your body does not fit into most forms of armour.
You are cold-blooded and may be slowed by cold attacks.


Message History

Terence is heavily wounded.
Terence hits you with a trident.
Casting: Freeze
Confirm with . or Enter, or press ? or * to list all spells.
Aiming: Freeze
Press: ? - help, Shift-Dir - straight line, f/p - Terence
Aim: Terence, wielding a trident and wearing a scale mail (heavily wounded)
You freeze Terence.
Terence is severely wounded.
Terence hits you with a trident!
* * * LOW HITPOINT WARNING * * *
Casting: Freeze
Confirm with . or Enter, or press ? or * to list all spells.
Aiming: Freeze
Press: ? - help, Shift-Dir - straight line, f/p - Terence
Aim: Terence, wielding a trident and wearing a scale mail (severely wounded)
You freeze Terence.
Terence is severely wounded.
Terence hits you with a trident.
You die...

.....#
...(.#
##.##.
.....#
......
.....#
......
......
......
.....#
....###
......
.)..
#.#####
#@@...#
#..g####.#
#... #
.....
.......
.###...
#... ....


You could see Terence and a goblin.

Vanquished Creatures
  An ooze (D:1)
  A giant gecko (D:1)
  3 bats
  A goblin (D:1)
  4 hobgoblins (D:1)
  4 kobolds (D:1)
  5 rats (D:1)
19 creatures vanquished.

Vanquished Creatures (others)
  A bat (D:1)
1 creature vanquished.

Grand Total: 20 creatures vanquished

Notes
Turn   | Place    | Note
--------------------------------------------------------------
     0 | D:1      | zxpr0jk the Draconian Ice Elementalist began the quest for the Orb.
     0 | D:1      | Reached XP level 1. HP: 14/14 MP: 3/3
   122 | D:1      | Reached XP level 2. HP: 12/20 MP: 0/5
   693 | D:2      | Noticed Jessica
   760 | D:2      | Noticed Terence
   769 | D:2      | Slain by Terence

Vault maps used:
D:1:      shiori_arrival_oz
D:2:      overflow_temple_1_default, lemuel_crystal_altar, uniq_terence,
          uniq_jessica, uniq_iyjb

Action                   || total
-------------------------++-------
Melee: Unarmed           ||    11
       Dagger            ||     4
       Spear             ||     9
Throw: Stone             ||     1
 Cast: Freeze            ||    26
 Stab: Sleeping          ||     1
Armor: Skin              ||    14
Dodge: Dodged            ||    21
